 Dungeon Sprint DCSS version 0.23-a0-143-g1adec7b (webtiles) character file.

1997 Faca the Impaler (level 9, -1/85 HPs)
             Began as a Merfolk Gladiator on Aug 31, 2018.
             Was a High Priest of Uskayaw.
             Slain by a seven-headed hydra (11 damage)
             ... in the Dungeon (Sprint IX: "|||||||||||||||||||||||||||||").
             The game lasted 00:04:43 (698 turns).

Faca the Impaler (Merfolk Gladiator)                 Turns: 698, Time: 00:04:43

Health: -1/85      AC:  5    Str: 14    XL:     9   Next: 21%
Magic:  2/9        EV: 19    Int: 11    God:    Uskayaw [*****.]
Gold:   0          SH:  0    Dex: 21    Spells: 8/8 levels left

rFire    . . .     SeeInvis .   a - +0 trident
rCold    . . .     Gourm    .   (no shield)
rNeg     . . .     Faith    .   b - +0 leather armour
rPois    .         Spirit   .   c - +0 helmet
rElec    .         Reflect  .   (no cloak)
rCorr    .         Harm     .   q - +0 pair of gloves
MR       .....     NoTele   +   (no boots)
Stlth    ++........             (no amulet)
HPRegen  0.24/turn              s - +3 ring of intelligence
MPRegen  0.11/turn              r - +3 ring of dexterity

@: very slightly contaminated
A: change form in water, swift swim, stealthy swim
a: Stomp, Line Pass, Grand Finale, Renounce Religion


You were in the Dungeon.
You worshipped Uskayaw.
Uskayaw was noncommittal.
You were not hungry.

You visited 1 branch

Inventory:

Hand Weapons
 a - a +0 trident (weapon)
 p - a +2 halberd of venom
Missiles
 d - 2 throwing nets (quivered)
Armour
 b - a +0 leather armour (worn)
 c - a +0 helmet (worn)
 q - a +0 pair of gloves (worn)
Jewellery
 r - a +3 ring of dexterity (right hand)
 s - a +3 ring of intelligence (left hand)
Wands
 o - a wand of acid (10)
Scrolls
 k - 2 scrolls of blinking
 m - 3 scrolls of remove curse
 v - a scroll of identify
 w - 4 scrolls of enchant armour
 x - a scroll of fear
Potions
 e - 5 potions of curing
 g - 9 potions of heal wounds
 h - a potion of haste
 i - 4 potions of magic
 j - a potion of berserk rage
 l - a potion of invisibility
 t - 3 potions of might
 u - a potion of flight
Comestibles
 f - 2 rations
 n - 4 chunks of flesh


   Skills:
 + Level 13.4 Fighting
 + Level 18.9 Polearms
 - Level 3.9 Throwing
 - Level 1.6 Armour
 - Level 8.5 Dodging


You had 8 spell levels left.
You didn't know any spells.
Your spell library was empty.

Dungeon Overview and Level Annotations

Branches:
Dungeon (1/1)

Altars:
Cheibriados
Dithmenos
Elyvilon
Fedhas
Gozag
Hepliaklqana
Kikubaaqudgha
Makhleb
Nemelex Xobeh
Okawaru
Qazlal
Ru
Sif Muna
Trog
Uskayaw
Vehumet
Wu Jian
Xom
Yredelemnul
Zin
The Shining One
Beogh
Jiyva
Lugonu


Message History

You puncture the spiny frog!
The spiny frog looks as sick as possible!
The spiny frog is severely wounded.
The spiny frog stings you.
* * * LOW HITPOINT WARNING * * *
You hit the spiny frog but do no damage.
The spiny frog is severely wounded.
Wield which item (- for none, * to show all)? (? for menu, Esc to quit)
Your +2 halberd of venom stops dripping with poison.
a - a +0 trident (weapon)
You hit the seven-headed hydra.
The seven-headed hydra is lightly wounded.
The seven-headed hydra barely misses you.
The seven-headed hydra bites you!
* * * LOW HITPOINT WARNING * * *
The seven-headed hydra closely misses you.
The seven-headed hydra misses you.
The seven-headed hydra completely misses you.
The seven-headed hydra bites you!
You die...

▓▓▓▓▓▓▓▓▓▓▓▓▓▓▓▓▓▓▓▓▓
+...@DFYt.†......:...
▓▓▓▓▓▓▓▓▓▓▓▓▓▓▓▓▓▓▓▓▓▓▓▓▓▓▓▓▓▓▓▓▓
.................................
▓▓▓▓▓▓▓▓▓▓▓▓▓▓▓▓▓▓▓▓▓▓▓▓▓▓▓▓▓▓▓▓▓
..'________________________'....)
▓▓▓▓▓▓▓▓▓▓▓▓▓▓▓▓▓▓▓▓▓▓▓▓▓▓▓▓▓▓▓▓▓


You could see a seven-headed hydra, a yak, a spiny frog and a crocodile.

Vanquished Creatures
  2 komodo dragons (D)
  A kobold demonologist (D)
  A hippogriff (D)
  A yak (D)
  A hungry ghost (D)
  A water moccasin (D)
  3 ogres (D)
  A centaur (D)
  A crocodile (D)
  2 bullfrogs (D)
  A killer bee (D)
  2 howler monkeys (D)
  A gnoll (D)
  An adder (D)
  A shadow imp (D)
  An adder zombie (D)
  A bat (D)
  A goblin (D)
  3 hobgoblins (D)
  A jackal (D)
27 creatures vanquished.

Notes
Turn   | Place    | Note
-------+----------+-------------------------------------------
     0 | D        | Faca the Merfolk Gladiator began the quest for the Orb.
     0 | D        | Reached XP level 1. HP: 16/16 MP: 1/1
    10 | D        | Reached skill level 5 in Polearms
    18 | D        | Reached skill level 5 in Dodging
    18 | D        | Reached XP level 2. HP: 22/23 MP: 2/2
    30 | D        | Noticed a centaur
    30 | D        | Noticed a howler monkey
    30 | D        | Noticed an ogre
    39 | D        | Reached skill level 6 in Polearms
    50 | D        | Killed an ogre
    50 | D        | Reached skill level 9 in Polearms
    50 | D        | Reached skill level 1 in Armour
    50 | D        | Reached XP level 3. HP: 11/30 MP: 3/3
    50 | D        | Reached XP level 4. HP: 14/37 MP: 4/4
    56 | D        | Reached skill level 10 in Polearms
    56 | D        | Reached XP level 5. HP: 13/43 MP: 5/5
    57 | D        | HP: 2/43 [centaur (6)]
    60 | D        | Killed a centaur
    60 | D        | Reached skill level 5 in Fighting
    60 | D        | Reached skill level 12 in Polearms
    60 | D        | Reached XP level 6. HP: 2/51 MP: 6/6
   348 | D        | Found a roughly hewn altar of Beogh.
   348 | D        | Found a snail-covered altar of Cheibriados.
   348 | D        | Found a shadowy altar of Dithmenos.
   348 | D        | Found a white marble altar of Elyvilon.
   348 | D        | Found a blossoming altar of Fedhas.
   348 | D        | Found an opulent altar of Gozag.
   349 | D        | Found a hazy altar of Hepliaklqana.
   350 | D        | Found a viscous altar of Jiyva.
   351 | D        | Found an ancient bone altar of Kikubaaqudgha.
   352 | D        | Found a corrupted altar of Lugonu.
   353 | D        | Found a burning altar of Makhleb.
   354 | D        | Found a sparkling altar of Nemelex Xobeh.
   355 | D        | Found an iron altar of Okawaru.
   356 | D        | Found a stormy altar of Qazlal.
   357 | D        | Found a sacrificial altar of Ru.
   358 | D        | Found a deep blue altar of Sif Muna.
   359 | D        | Found a bloodstained altar of Trog.
   360 | D        | Found a hide-covered altar of Uskayaw.
   361 | D        | Found a radiant altar of Vehumet.
   362 | D        | Found an ornate altar of the Wu Jian Council.
   363 | D        | Found a shimmering altar of Xom.
   364 | D        | Found a basalt altar of Yredelemnul.
   365 | D        | Found a glowing silver altar of Zin.
   366 | D        | Found a glowing golden altar of the Shining One.
   376 | D        | Became a worshipper of Uskayaw the Reveler
   410 | D        | Noticed a hungry ghost
   412 | D        | Reached skill level 13 in Polearms
   412 | D        | Reached * piety under Uskayaw
   413 | D        | Reached ** piety under Uskayaw
   416 | D        | Reached *** piety under Uskayaw
   421 | D        | Reached **** piety under Uskayaw
   424 | D        | Reached skill level 14 in Polearms
   426 | D        | Killed a hungry ghost
   426 | D        | Reached XP level 7. HP: 48/64 MP: 7/7
   426 | D        | Reached ***** piety under Uskayaw
   511 | D        | Noticed a hippogriff
   511 | D        | Noticed a kobold demonologist
   511 | D        | Noticed a yak
   518 | D        | Killed a yak
   518 | D        | Reached skill level 10 in Fighting
   518 | D        | Reached skill level 15 in Polearms
   527 | D        | Killed a kobold demonologist
   527 | D        | Reached skill level 16 in Polearms
   527 | D        | Reached XP level 8. HP: 72/75 MP: 8/8
   534 | D        | Killed a hippogriff
   534 | D        | Reached skill level 17 in Polearms
   658 | D        | Noticed a yak
   658 | D        | Noticed a komodo dragon
   658 | D        | Noticed a komodo dragon
   661 | D        | Noticed a seven-headed hydra
   664 | D        | Killed a komodo dragon
   664 | D        | Reached skill level 18 in Polearms
   673 | D        | Noticed a spiny frog
   682 | D        | Killed a komodo dragon
   682 | D        | Reached XP level 9. HP: 31/85 MP: 5/9
   698 | D        | Slain by a seven-headed hydra

Vault maps used:
D:        linesprint

Skill      XL: |  1  2  3  4  5  6  7  8 |
---------------+-------------------------+-----
Polearms       | 5 9 10 12 14 16 18 | 18.9
Dodging        | 5 7 8 |  8.5
Fighting       | 4 5 9 11 13 | 13.4
Throwing       | 3 |  3.9
Armour         | 1 |  1.6

Action                   |  1- 3 |  4- 6 |  7- 9 || total
-------------------------+-------+-------+-------++-------
Melee: Trident           |    34 |     9 |     1 ||    44
       Halberd           |       |    16 |    57 ||    73
Throw: Throwing net      |     1 |       |       ||     1
Invok: Stomp             |       |       |     1 ||     1
       Line Pass         |       |       |     1 ||     1
  Use: Scroll            |       |       |     1 ||     1
 Stab: Paralysed         |       |     1 |     2 ||     3
Armor: Leather armour    |     3 |       |       ||     3
Dodge: Dodged            |    18 |    13 |    30 ||    61

Table legend:
 A = Non-vault XP
 B = Vault XP
 C = Vault XP percentage of total XP
 D = Non-vault monster count
 E = Vault monster count
 F = Vault count percentage of total count
                 A         B        C        D         E       F
            +---------+---------+-------+---------+---------+-------
      Total |       0 |    2853 | 100.0 |       0 |      27 | 100.0
            +---------+---------+-------+---------+---------+-------
          D |       0 |    2853 | 100.0 |       0 |      27 | 100.0
            +---------+---------+-------+---------+---------+-------
